 Dungeon Crawl Stone Soup version 0.15-a0-98-g0c58811 (webtiles) character file.

2058 tap556 the Covert (level 9, -3/57 HPs)
             Began as a Halfling Assassin on Apr 9, 2014.
             Slain by a yak (6 damage)
             ... on Level 6 of the Dungeon.
             The game lasted 00:43:59 (5355 turns).

tap556 the Covert (Halfling Assassin)               Turns: 5355, Time: 00:43:59

HP  -3/57        AC 12     Str  9      XL: 9   Next: 39%
MP   9/9         EV 18     Int 11      God:
Gold 134         SH  0     Dex 20      Spells:  0 memorised,  8 levels left

rFire  . . .     SeeInvis .     u - +3,+2 short sword (freeze)
rCold  + + .     Clarity  .     m - +0 leather armour
rNeg   . . .     Conserve .     (no shield)
rPois  +         rCorr    .     G - +0 helmet
rElec  +         rRot     .     d - +1 cloak
SustAb . .       Spirit   .     k - +2 pair of gloves
rMut   .         Warding  .     q - +2 pair of boots
Saprov . . .     Stasis   +     r - amulet of stasis
MR     .....                    N - ring of ice
                                t - +5,+3 ring of slaying

@: not resistant to hostile enchantments, extremely stealthy
A: mutation resistance 1, slow metabolism 1
a: no special abilities


You were on level 6 of the Dungeon.
You were not hungry.

You visited 1 branch of the dungeon, and saw 6 of its levels.

You collected 251 gold pieces.
You spent 117 gold pieces at shops.

Inventory:

Hand weapons
 a - a +2,+2 dagger
 b - a +0 blowgun
 u - a +3,+2 short sword of freezing (weapon)
 A - a +0 blowgun
 C - a +0,+0 sling
 D - a +0,+2 dagger of speed
 K - the +6,+10 falchion of Spring {pain, +Inv rC+ Stlth++, unknown}
   (You found it on level 4 of the Dungeon)

   In the hands of one skilled in necromantic magic, it inflicts extra damage on
   living creatures.
   It protects you from cold.
   It lets you turn invisible.
   It makes you much more stealthy.
Missiles
 c - 18 bolts
 e - 24 poisoned needles
 f - 6 curare-tipped needles
 i - 50 darts (quivered)
 n - 41 arrows
 v - 9 sling bullets of frost
 E - 44 sling bullets
 H - 8 needles of sleeping
 I - 5 needles of slowing
 J - 8 poisoned arrows
Armour
 d - a +1 cloak (worn)
 k - a +2 pair of gloves (worn)
 m - a +0 leather armour (worn)
 q - a +2 pair of boots (worn)
 F - a +0 leather armour
 G - a +0 helmet (worn)
Magical devices
 h - a wand of cold (5) {unknown}
Comestibles
 g - 3 bread rations
 j - 4 meat rations
 B - a lemon
Scrolls
 x - a scroll of teleportation
 y - 2 scrolls of remove curse
Jewellery
 r - an amulet of stasis (around neck)
 t - a +5,+3 ring of slaying (left hand)
 z - an uncursed amulet of conservation
 N - a ring of ice (right hand)
Potions
 w - a potion of poison
Books
 l - a book of Death

   Spells                             Type                      Level
   Corpse Rot                         Necromancy                   2
   Sublimation of Blood               Necromancy                   2
   Agony                              Necromancy                   5
   Dispel Undead                      Necromancy                   5
   Excruciating Wounds                Charms/Necromancy            5
   Bolt of Draining                   Conjuration/Necromancy       5
 s - a book of Death

   Spells                             Type                      Level
   Corpse Rot                         Necromancy                   2
   Sublimation of Blood               Necromancy                   2
   Agony                              Necromancy                   5
   Dispel Undead                      Necromancy                   5
   Excruciating Wounds                Charms/Necromancy            5
   Bolt of Draining                   Conjuration/Necromancy       5


   Skills:
 + Level 3.2 Fighting
 + Level 6.5 Short Blades
 + Level 6.2 Throwing
 + Level 2.0 Armour
 + Level 7.3 Dodging
 + Level 10.4 Stealth


You had 8 spell levels left.
You didn't know any spells.

Dungeon Overview and Level Annotations

Branches:
Dungeon (6/15)
 Temple: D:4-7

Altars:
Xom
Yredelemnul

Shops:
D:4 *


Innate Abilities, Weirdness & Mutations

You are small and have problems with some larger weapons.
You are somewhat resistant to further mutation.
You have a slow metabolism.


Message History

The yak gores you!
* * * LOW HITPOINT WARNING * * *
You hit the yak. You freeze the yak.
The yak is heavily wounded.
The yak gores you.
* * * LOW HITPOINT WARNING * * *
You slash the yak! You freeze the yak.
The yak is almost dead.
The yak closely misses you.
You hit the yak but do no damage.
The yak is almost dead.
The yak gores you!
* * * LOW HITPOINT WARNING * * *
You feel protected. The yak barely misses you.
You hit the yak. You freeze the yak.
You kill the yak!
Your Armour skill increases to level 2!
The yak gores you.
You die...

##.#.# #..# #..........# ##.#.#
#..# #..........# ##.#.# #..#
#.......)..# ##)#.# #..#
#[##.#####.# ##.#.# #..# #.##.#
#.# ##.#.###########..# #.##.#
##.#
#.#..........##..####.##.####...
#.#.............Y......#........
#.#............@................
##.#....................######...
...#..............(..............
...#.)........###(###..########..
.......##.#.### #.# #..# #..
.......##.#.### #.# #..# ###).
................#.###..#### #....
............###.#.#....[..###....
...###...........................


You could see a yak.

Vanquished Creatures
  The ghost of avis the Magician, an experienced NaWz of Vehumet (D:6)
  The ghost of FishServ the Ruinous, an experienced HEVM of Vehumet (D:5)
  The ghost of avis the Ruinous, an average NaWz of Cheibriados (D:4)
  A yak (D:6)
  4 ogres
  3 giant frogs (D:6)
  A gnoll sergeant (D:5)
  3 scorpions
  A crimson imp (D:5)
  A hound (D:5)
  An orc priest (D:5)
  3 worker ants
  An orc wizard (D:4)
  4 gnolls (D:5)
  8 adders
  2 giant mites
  3 shadow imps (D:6)
  2 giant eyeballs
  7 giant geckos
  8 orcs
  8 goblins
  10 hobgoblins
  10 jackals
  14 kobolds
  3 quokkas
  A ball python (D:2)
  10 bats
  4 giant cockroaches
  5 giant newts
  A goblin skeleton (D:4)
  A kobold skeleton (D:6)
  13 rats
  A rat skeleton (D:4)
  3 plants (D:3)
140 creatures vanquished.

Vanquished Creatures (others)
  4 yaks (D:6)
  An adder (D:5)
5 creatures vanquished.

Grand Total: 145 creatures vanquished

Notes
Turn   | Place    | Note
--------------------------------------------------------------
     0 | D:1      | tap556, the Halfling Assassin, began the quest for the Orb.
     0 | D:1      | Reached XP level 1. HP: 14/14 MP: 1/1
   233 | D:1      | Reached XP level 2. HP: 19/19 MP: 2/2
   540 | D:2      | Reached skill level 6 in Stealth
   867 | D:2      | Reached XP level 3. HP: 22/24 MP: 3/3
  1321 | D:2      | Reached XP level 4. HP: 27/29 MP: 4/4
  1359 | D:2      | Found a shimmering altar of Xom.
  1374 | D:2      | Got a slimy scale mail
  1383 | D:2      | You fall through a shaft!
  1679 | D:3      | Noticed an ogre
  1716 | D:3      | Killed an ogre
  1716 | D:3      | Reached XP level 5. HP: 15/34 MP: 5/5
  2630 | D:4      | Reached XP level 6. HP: 39/39 MP: 6/6
  2660 | D:4      | Found Pnau's General Store.
  2673 | D:4      | Reached skill level 7 in Stealth
  2674 | D:4      | Bought 4 curare-tipped needles for 33 gold pieces
  2674 | D:4      | Bought 8 needles of sleeping for 56 gold pieces
  2674 | D:4      | Bought 5 needles of slowing for 28 gold pieces
  2707 | D:4      | Noticed an ogre
  2725 | D:4      | Killed an ogre
  2867 | D:4      | Noticed an ogre
  2879 | D:4      | Killed an ogre
  2879 | D:4      | Reached XP level 7. HP: 42/45 MP: 7/7
  2888 | D:4      | Reached skill level 8 in Stealth
  2907 | D:4      | Got a dazzling falchion
  3372 | D:4      | Noticed avis' ghost (average NaWz)
  3394 | D:4      | Killed avis' ghost
  3394 | D:4      | Reached skill level 5 in Throwing
  3565 | D:5      | Entered Level 5 of the Dungeon
  3634 | D:5      | Found a basalt altar of Yredelemnul.
  3664 | D:5      | Noticed FishServ's ghost (experienced HEVM)
  3718 | D:5      | Killed FishServ's ghost
  3718 | D:5      | Reached skill level 5 in Short Blades
  3718 | D:5      | Reached skill level 1 in Armour
  3718 | D:5      | Reached skill level 5 in Dodging
  3718 | D:5      | Reached skill level 9 in Stealth
  3718 | D:5      | Reached XP level 8. HP: 27/51 MP: 8/8
  4860 | D:6      | Reached XP level 9. HP: 54/56 MP: 9/9
  5246 | D:6      | Noticed avis' ghost (experienced NaWz)
  5260 | D:6      | Reached skill level 10 in Stealth
  5335 | D:6      | Killed avis' ghost
  5353 | D:6      | HP: 2/57 [yak (8)]
  5355 | D:6      | Slain by a yak

Action                   |  1- 3 |  4- 6 |  7- 9 || total
-------------------------+-------+-------+-------++-------
Melee: Dagger            |    54 |   141 |       ||   195
       Short sword       |    32 |   143 |   204 ||   379
 Fire: Blowgun           |    11 |    22 |    19 ||    52
Throw: Dart              |     5 |       |     2 ||     7
  Use: Scroll            |     5 |     4 |     6 ||    15
       Potion            |       |       |    10 ||    10
 Stab: Sleeping          |     3 |     8 |    11 ||    22
       Distracted        |       |       |     2 ||     2
